AoeStats
← SHAKUR

Arabia

509176520Analyzed
1v1 RM · 6d ago on Sep 25, 2026· 27m 36s· 2 players
Game mode
Random Map
Map size
Tiny (2 player)
Population
200
Speed
Normal
Resources
Standard
Victory
Conquest
Starting age
Dark Age
Ending age
Imperial Age
RankedLock teamsTeams togetherTeam positionsShared explorationLock speedFull tech treeHidden civsTurbo modeCheats
Victory
Defeat
🇦🇷 Lithuanians · Argentina
1088
+16
🇦🇷 Lithuanians · Argentina
1093
-16
SHAKUR
6:29 Loom
9:23 Feudal Age
10:05 Town Watch
14:54 Double-Bit Axe
16:39 Wheelbarrow
24:19 Castle Age
23:08 Scale Mail Armor
23:56 Gold Mining
24:29 Bloodlines
24:55 Forging
24:25 Pikeman
25:44 Chain Mail Armor
lcristian16
6:15 Loom
8:50 Feudal Age
9:18 Double-Bit Axe
9:49 Horse Collar
16:05 Wheelbarrow
20:29 Castle Age
18:50 Horse Collar
19:01 Gold Mining
20:26 Bloodlines
21:16 Husbandry
25:31 Forging
Connection lost

Rejoining the realm…

Still unreachable

The connection could not be restored.

Session expired

The server has moved on; the page needs a fresh start.